| TOP OF THE 1ST |
|
Spokane Indians batting - Pitching for Vermont Lake Monsters : RHP Mike Kirk
|
|
Pitching: RHP Mike Kirk
|
|
|
Batting: LHB Sumiki Okuhara
|
0-0: Reached on error, E6 (Groundball, 6D, EV 97.5 MPH)
|
|
Batting: SHB Brace Harper
|
0-0: Ball 1-0: TRIPLE (Groundball, 3L, EV 105.0 MPH) Sumiki Okuhara scores
|
|
Batting: SHB David Simpson
|
0-0: Called Strike 0-1: Ball 1-1: SINGLE (Groundball, 34D, EV 100.6 MPH) Brace Harper scores
|
|
Batting: RHB Dale Aubrey
|
0-0: Foul Ball, location: 2F 0-1: Ball 1-1: Foul Ball, location: 2F 1-2: Fly out, F8 (Flyball, 8RXD, EV 102.5 MPH)
|
|
Batting: RHB Gabe Almazan
|
0-0: Called Strike 0-1: Ball Wild Pitch! David Simpson to second 1-1: Ball 2-1: Ball 3-1: Base on Balls
|
|
Batting: RHB Victor Moya
|
0-0: Ball 1-0: Ball 2-0: Called Strike 2-1: Foul Ball, location: 2F 2-2: Strikes out swinging
|
|
Batting: RHB David Barnard
|
0-0: Called Strike 0-1: Ball 1-1: Ball 2-1: Ball 3-1: Foul Ball, location: 2F 3-2: Base on Balls David Simpson to third Gabe Almazan to second
|
|
Batting: RHB Gavin Fimple
|
0-0: Called Strike 0-1: Ball 1-1: Swinging Strike 1-2: Ball 2-2: Strikes out swinging
|
| Top of the 1st over - 2 runs, 2 hits, 1 error, 3 left on base; Spokane 2 - Vermont 0 |
| BOTTOM OF THE 1ST |
|
Vermont Lake Monsters batting - Pitching for Spokane Indians : RHP Brian Ramirez
|
|
Pitching: RHP Brian Ramirez
|
|
|
Batting: RHB Alberto Malagon
|
0-0: Called Strike 0-1: Called Strike 0-2: Ball 1-2: Strikes out swinging
|
|
Batting: RHB Tetsuya Shinoda
|
0-0: Foul Ball, location: 2F 0-1: Ball 1-1: Ball 2-1: Called Strike 2-2: Ball 3-2: SINGLE (Groundball, 6MD, EV 98.1 MPH)
|
|
Batting: RHB Ryan Jennings
|
0-0: Called Strike 0-1: Swinging Strike 0-2: Ball 1-2: Foul Ball, location: 2F 1-2: Ball Wild Pitch! Tetsuya Shinoda to second 2-2: Ground out 6-3 (Groundball, 6, EV 87.5 MPH)
|
|
Batting: LHB Felipe Gomez
|
0-0: Called Strike 0-1: Ball 1-1: Swinging Strike 1-2: Ball 2-2: Ball 3-2: Strikes out looking
|
| Bottom of the 1st over - 0 runs, 1 hit, 0 errors, 1 left on base; Spokane 2 - Vermont 0 |
| TOP OF THE 2ND |
|
Spokane Indians batting - Pitching for Vermont Lake Monsters : RHP Mike Kirk
|
|
Batting: RHB Johannes Gutermuth
|
0-0: Fly out, F8 (Flyball, 78M, EV 75.0 MPH)
|
|
Batting: LHB Sumiki Okuhara
|
0-0: Called Strike 0-1: Called Strike 0-2: Strikes out swinging
|
|
Batting: SHB Brace Harper
|
0-0: Called Strike 0-1: Ball 1-1: Called Strike 1-2: Ball 2-2: Ground out 5-3 (Groundball, 56, EV 79.4 MPH)
|
| Top of the 2nd over - 0 runs, 0 hits, 0 errors, 0 left on base; Spokane 2 - Vermont 0 |
| BOTTOM OF THE 2ND |
|
Vermont Lake Monsters batting - Pitching for Spokane Indians : RHP Brian Ramirez
|
|
Batting: RHB Jon Coleman
|
0-0: Ball 1-0: Fly out, F9 (Flyball, 89M, EV 93.8 MPH)
|
|
Batting: SHB Steve Salafia
|
0-0: Called Strike 0-1: Foul Ball, location: 2F 0-2: Ball 1-2: Foul Ball, location: 2F 1-2: DOUBLE (Line Drive, 7LD, EV 105.6 MPH)
|
|
Batting: RHB Rusty Prodoehl
|
0-0: Ball 1-0: Called Strike 1-1: Swinging Strike 1-2: Strikes out swinging
|
|
Batting: RHB Ricardo Claros
|
0-0: Called Strike 0-1: Ground out 5-3 (Groundball, 56, EV 101.9 MPH)
|
| Bottom of the 2nd over - 0 runs, 1 hit, 0 errors, 1 left on base; Spokane 2 - Vermont 0 |
| TOP OF THE 3RD |
|
Spokane Indians batting - Pitching for Vermont Lake Monsters : RHP Mike Kirk
|
|
Batting: SHB David Simpson
|
0-0: Foul Ball, location: 2F 0-1: Foul Ball, location: 2F 0-2: Foul Ball, location: 2F 0-2: Strikes out looking
|
|
Batting: RHB Dale Aubrey
|
0-0: Called Strike 0-1: Foul Ball, location: 2F 0-2: Strikes out swinging
|
|
Batting: RHB Gabe Almazan
|
0-0: Foul Ball, location: 2F 0-1: Ball 1-1: Foul Ball, location: 2F 1-2: Strikes out swinging
|
| Top of the 3rd over - 0 runs, 0 hits, 0 errors, 0 left on base; Spokane 2 - Vermont 0 |
| BOTTOM OF THE 3RD |
|
Vermont Lake Monsters batting - Pitching for Spokane Indians : RHP Brian Ramirez
|
|
Batting: SHB Berthold Frey
|
0-0: Called Strike 0-1: Foul Ball, location: 2F 0-2: Ball 1-2: Ball 2-2: Ball 3-2: Foul Ball, location: 2F 3-2: Fly out, F9 (Flyball, 89M, EV 91.9 MPH)
|
|
Batting: RHB Alberto Malagon
|
0-0: Ball 1-0: Swinging Strike 1-1: Ball 2-1: Foul Ball, location: 2F 2-2: Foul Ball, location: 2F 2-2: Strikes out swinging
|
|
Batting: RHB Tetsuya Shinoda
|
0-0: Called Strike 0-1: Ball 1-1: Ball 2-1: Foul Ball, location: 2F 2-2: SINGLE (Groundball, 6MD, EV 106.9 MPH)
|
|
Batting: RHB Ryan Jennings
|
0-0: Called Strike 0-1: Called Strike 0-2: Strikes out swinging
|
| Bottom of the 3rd over - 0 runs, 1 hit, 0 errors, 1 left on base; Spokane 2 - Vermont 0 |
| TOP OF THE 4TH |
|
Spokane Indians batting - Pitching for Vermont Lake Monsters : RHP Mike Kirk
|
|
Batting: RHB Victor Moya
|
0-0: Called Strike 0-1: Ball 1-1: Swinging Strike 1-2: Strikes out swinging
|
|
Batting: RHB David Barnard
|
0-0: Called Strike 0-1: Ground out 4-3 (Groundball, 4, EV 91.2 MPH)
|
|
Batting: RHB Gavin Fimple
|
0-0: Called Strike 0-1: Ball 1-1: Swinging Strike 1-2: Foul Ball, location: 2F 1-2: Ball 2-2: Strikes out swinging
|
| Top of the 4th over - 0 runs, 0 hits, 0 errors, 0 left on base; Spokane 2 - Vermont 0 |
| BOTTOM OF THE 4TH |
|
Vermont Lake Monsters batting - Pitching for Spokane Indians : RHP Brian Ramirez
|
|
Batting: LHB Felipe Gomez
|
0-0: Called Strike 0-1: Ball 1-1: Swinging Strike 1-2: Ball 2-2: Ball 3-2: Strikes out looking
|
|
Batting: RHB Jon Coleman
|
0-0: Swinging Strike 0-1: Ball 1-1: Swinging Strike 1-2: Foul Ball, location: 2F 1-2: Strikes out swinging, 2-3 out at first.
|
|
Batting: SHB Steve Salafia
|
0-0: Ground out 4-3 (Groundball, 4, EV 80.6 MPH)
|
| Bottom of the 4th over - 0 runs, 0 hits, 0 errors, 0 left on base; Spokane 2 - Vermont 0 |
| TOP OF THE 5TH |
|
Spokane Indians batting - Pitching for Vermont Lake Monsters : RHP Mike Kirk
|
|
Batting: RHB Johannes Gutermuth
|
0-0: Fly out, F5 (Line Drive, 5, EV 66.9 MPH)
|
|
Batting: LHB Sumiki Okuhara
|
0-0: Swinging Strike 0-1: Foul Ball, location: 2F 0-2: Strikes out swinging
|
|
Batting: SHB Brace Harper
|
0-0: Ball 1-0: Swinging Strike 1-1: Ball 2-1: DOUBLE (Line Drive, 3D, EV 98.1 MPH)
|
|
Pitching: RHP Santiago Gonzalez
|
|
|
Batting: SHB David Simpson
|
0-0: Called Strike 0-1: Ball 1-1: Ball 2-1: Foul Ball, location: 2F 2-2: Ball 3-2: Foul Ball, location: 2F 3-2: Base on Balls
|
|
Batting: RHB Dale Aubrey
|
0-0: Called Strike 0-1: Ball 1-1: Called Strike 1-2: Ball 2-2: Ball 3-2: SINGLE (Groundball, 4MD, EV 98.1 MPH) (infield hit) Brace Harper to third David Simpson to second
|
|
Pinch Hitting: LHB Yasahiko Teshima
|
0-0: Called Strike 0-1: Called Strike 0-2: Strikes out looking
|
| Top of the 5th over - 0 runs, 2 hits, 0 errors, 3 left on base; Spokane 2 - Vermont 0 |
| BOTTOM OF THE 5TH |
|
Vermont Lake Monsters batting - Pitching for Spokane Indians : RHP Brian Ramirez
|
|
Now at 2B: Tony Rivera
|
|
|
Now at SS: Brace Harper
|
|
|
Batting: RHB Rusty Prodoehl
|
0-0: Called Strike 0-1: Ball 1-1: Ball 2-1: Ball 3-1: Called Strike 3-2: SINGLE (Groundball, 34D, EV 105.6 MPH)
|
|
Batting: RHB Ricardo Claros
|
0-0: Called Strike 0-1: Called Strike 0-2: Foul Ball, location: 2F 0-2: Grounds into double play, 5-4-3 (Groundball, 56S, EV 85.0 MPH)
|
|
Batting: SHB Berthold Frey
|
0-0: Ball 1-0: Ground out 4-3 (Groundball, 4, EV 106.2 MPH)
|
| Bottom of the 5th over - 0 runs, 1 hit, 0 errors, 0 left on base; Spokane 2 - Vermont 0 |
| TOP OF THE 6TH |
|
Spokane Indians batting - Pitching for Vermont Lake Monsters : RHP Santiago Gonzalez
|
|
Batting: RHB Victor Moya
|
0-0: SINGLE (Line Drive, 6D, EV 94.4 MPH)
|
|
Batting: RHB David Barnard
|
0-0: Ball 1-0: Called Strike Victor Moya steals 2nd base (no throw) 1-1: Fly out, F9 (Line Drive, 9, EV 100.0 MPH)
|
|
Batting: RHB Gavin Fimple
|
0-0: SINGLE (Flyball, 3D, EV 100.0 MPH) Victor Moya to third Runner from 3rd tries for Home, SAFE, throw by RF to home
|
|
Batting: RHB Johannes Gutermuth
|
0-0: Ball 1-0: Ball Gavin Fimple is caught stealing 2nd base 2-4 2-0: Ground out 6-3 (Groundball, 6, EV 108.8 MPH)
|
| Top of the 6th over - 1 run, 2 hits, 0 errors, 0 left on base; Spokane 3 - Vermont 0 |
| BOTTOM OF THE 6TH |
|
Vermont Lake Monsters batting - Pitching for Spokane Indians : RHP Brian Ramirez
|
|
Batting: RHB Alberto Malagon
|
0-0: Called Strike 0-1: Called Strike 0-2: Ball 1-2: Foul Ball, location: 2F 1-2: Ball 2-2: Strikes out swinging
|
|
Batting: RHB Tetsuya Shinoda
|
0-0: Ground out 5-3 (Groundball, 56, EV 83.8 MPH)
|
|
Batting: RHB Ryan Jennings
|
0-0: Ball 1-0: Called Strike 1-1: Called Strike 1-2: Foul Ball, location: 2F 1-2: Ball 2-2: Ball 3-2: Base on Balls
|
|
Batting: LHB Felipe Gomez
|
0-0: Called Strike 0-1: Ball 1-1: Foul Ball, location: 2F 1-2: Ground out 4-3 (Groundball, 4, EV 96.9 MPH)
|
| Bottom of the 6th over - 0 runs, 0 hits, 0 errors, 1 left on base; Spokane 3 - Vermont 0 |
| TOP OF THE 7TH |
|
Spokane Indians batting - Pitching for Vermont Lake Monsters : RHP Santiago Gonzalez
|
|
Batting: LHB Sumiki Okuhara
|
0-0: Ball 1-0: Ball 2-0: Called Strike 2-1: Ball 3-1: Swinging Strike 3-2: Foul Ball, location: 2F 3-2: Base on Balls
|
|
Batting: SHB Brace Harper
|
0-0: Bunted foul 0-1: Bunt missed! 0-2: Grounds into double play, U6-3 (Groundball, 4M, EV 84.4 MPH)
|
|
Batting: SHB David Simpson
|
0-0: Called Strike 0-1: Ball 1-1: Ball 2-1: Foul Ball, location: 2F 2-2: Ball 3-2: Base on Balls
|
|
Pitching: LHP Steve Lima
|
|
|
Batting: RHB Dale Aubrey
|
0-0: Ball 1-0: Foul Ball, location: 2F 1-1: Ball 2-1: Foul Ball, location: 2F 2-2: Foul Ball, location: 2F 2-2: Ball 3-2: Strikes out swinging
|
| Top of the 7th over - 0 runs, 0 hits, 0 errors, 1 left on base; Spokane 3 - Vermont 0 |
| BOTTOM OF THE 7TH |
|
Vermont Lake Monsters batting - Pitching for Spokane Indians : RHP Brian Ramirez
|
|
Batting: RHB Jon Coleman
|
0-0: Ball 1-0: Foul Ball, location: 2F 1-1: Ground out U3 (Groundball, 3S, EV 70.0 MPH)
|
|
Batting: SHB Steve Salafia
|
0-0: Called Strike 0-1: Ball 1-1: Ground out 3-1 (Groundball, 34S, EV 78.1 MPH)
|
|
Batting: RHB Rusty Prodoehl
|
0-0: Ball 1-0: Ball 2-0: Ball 3-0: Called Strike 3-1: Base on Balls
|
|
Pitching: RHP Victor Morin
|
|
|
Batting: RHB Ricardo Claros
|
0-0: Ball 1-0: Fly out, F8 (Flyball, 8LS, EV 79.4 MPH)
|
| Bottom of the 7th over - 0 runs, 0 hits, 0 errors, 1 left on base; Spokane 3 - Vermont 0 |
| TOP OF THE 8TH |
|
Spokane Indians batting - Pitching for Vermont Lake Monsters : LHP Steve Lima
|
|
Batting: RHB Tony Rivera
|
0-0: Swinging Strike 0-1: Ball 1-1: Called Strike 1-2: Strikes out swinging
|
|
Batting: RHB Victor Moya
|
0-0: Ball 1-0: Foul Ball, location: 2F 1-1: Ball 2-1: Hit by Pitch
|
|
Batting: RHB David Barnard
|
0-0: Called Strike 0-1: Foul Ball, location: 2F 0-2: SINGLE (Flyball, 89S, EV 95.0 MPH) Victor Moya to second
|
|
Batting: RHB Gavin Fimple
|
0-0: Ball 1-0: Ball 2-0: SINGLE (Groundball, 6MD, EV 98.1 MPH) Victor Moya to third David Barnard to second Runner from 3rd tries for Home, SAFE, throw by CF to home
|
|
Batting: RHB Johannes Gutermuth
|
0-0: Ball 1-0: Ball David Barnard steals 3rd base Gavin Fimple to second 2-0: Ball 3-0: Base on Balls
|
|
Batting: LHB Sumiki Okuhara
|
0-0: Ball 1-0: Swinging Strike 1-1: Ball 2-1: Grounds into double play, 4-6-3 (Groundball, 4, EV 99.4 MPH)
|
| Top of the 8th over - 1 run, 2 hits, 0 errors, 2 left on base; Spokane 4 - Vermont 0 |
| BOTTOM OF THE 8TH |
|
Vermont Lake Monsters batting - Pitching for Spokane Indians : RHP Victor Morin
|
|
Now in LF: Nick Solberg
|
|
|
Batting: SHB Berthold Frey
|
0-0: Called Strike 0-1: Swinging Strike 0-2: Foul Ball, location: 2F 0-2: Ground out 6-3 (Groundball, 6M, EV 79.4 MPH)
|
|
Pinch Hitting: LHB Brian Puccio
|
0-0: Foul Ball, location: 2F 0-1: Ball 1-1: Ball 2-1: Swinging Strike 2-2: Fly out, F9 (Flyball, 9LM, EV 91.2 MPH)
|
|
Batting: RHB Tetsuya Shinoda
|
0-0: Called Strike 0-1: Ball 1-1: Ball 2-1: Called Strike 2-2: Ball 3-2: Strikes out swinging
|
| Bottom of the 8th over - 0 runs, 0 hits, 0 errors, 0 left on base; Spokane 4 - Vermont 0 |
| TOP OF THE 9TH |
|
Spokane Indians batting - Pitching for Vermont Lake Monsters : LHP Steve Lima
|
|
Now at 3B: Scott Lister
|
|
|
Batting: SHB Brace Harper
|
0-0: Called Strike 0-1: DOUBLE (Line Drive, 7LM, EV 99.4 MPH)
|
|
Pitching: RHP Nasser bin Ata
|
|
|
Batting: SHB David Simpson
|
0-0: Ball 1-0: Swinging Strike 1-1: Called Strike 1-2: Strikes out swinging
|
|
Batting: RHB Dale Aubrey
|
0-0: Intentional Walk
|
|
Batting: RHB Tony Rivera
|
0-0: Called Strike 0-1: Called Strike 0-2: Foul Ball, location: 2F 0-2: Ball 1-2: Ball 2-2: Fly out, F9 (Flyball, 9, EV 80.0 MPH)
|
|
Batting: RHB Victor Moya
|
0-0: Ball 1-0: Foul Ball, location: 2F 1-1: Foul Ball, location: 2F 1-2: Ball 2-2: Strikes out swinging
|
| Top of the 9th over - 0 runs, 1 hit, 0 errors, 2 left on base; Spokane 4 - Vermont 0 |
| BOTTOM OF THE 9TH |
|
Vermont Lake Monsters batting - Pitching for Spokane Indians : RHP Victor Morin
|
|
Batting: RHB Ryan Jennings
|
0-0: Called Strike 0-1: Ball 1-1: Called Strike 1-2: Foul Ball, location: 2F 1-2: Foul Ball, location: 2F 1-2: Ground out 2-3 (Groundball, 2L, EV 71.9 MPH)
|
|
Batting: LHB Felipe Gomez
|
0-0: Foul Ball, location: 2F 0-1: Swinging Strike 0-2: Ball 1-2: Strikes out swinging
|
|
Batting: RHB Jon Coleman
|
0-0: Foul Ball, location: 2F 0-1: Ball 1-1: Ball 2-1: Ground out 1-3 (Groundball, 25, EV 66.2 MPH)
|
| Bottom of the 9th over - 0 runs, 0 hits, 0 errors, 0 left on base; Spokane 4 - Vermont 0 |
|